 Dungeon Crawl Stone Soup version 0.31-a0-889-g1a8549509d (webtiles) character file.

Game seed: 3846909332495478009

56 Kuronicle the Insei (level 3, -1/28 HPs)
             Began as a Demigod Shapeshifter on Oct 16, 2023.
             Slain by Robin
             ... wielding a +0 dagger
              (3 damage)
             ... on level 2 of the Dungeon.
             The game lasted 00:02:25 (1577 turns).

Kuronicle the Insei (Demigod Shapeshifter)          Turns: 1577, Time: 00:02:28

Health: -1/28      AC:  2    Str: 15    XL:     3   Next: 48%
Magic:  5/5        EV: 12    Int: 12    God:
Gold:   76         SH:  5    Dex: 17    Spells: 2/2 levels left

rFire   . .          .
                       - Unarmed
rCold   . . .        (no shield)
rNeg    . . .        h - +0 robe
rPois   .            (helmet currently unavailable)
rElec   .            (cloak currently unavailable)
rCorr   .            (gloves currently unavailable)
SInv    .            e - melded +0 pair of boots
Will    .....        k - amulet of reflection
Stlth   ++           (no ring)
HPRegen 0.24/turn    (no ring)
MPRegen 0.09/turn

%: reflection
@: beast-form
A: beast (slay +1), high MP 1, forlorn, divine attributes
a: Begin Untransformation


You were on level 2 of the Dungeon.
You were a hulking beast.
You visited 1 branch of the dungeon, and saw 2 of its levels.

You collected 76 gold pieces.

Inventory:

Armour
 e - a +0 pair of boots (melded)
 h - a +0 robe (worn)
Jewellery
 a - an amulet of the acrobat
 k - an amulet of reflection (around neck)
Talismans
 c - a beast talisman (active)
 d - a flux talisman
Wands
 m - a wand of flame (10)
Scrolls
 f - a scroll of identify
 g - a scroll of brand weapon
 i - 2 scrolls of teleportation
 j - a scroll of amnesia
 l - a scroll of enchant weapon {unknown}
Potions
 b - a potion of lignification
 n - a potion of brilliance {unknown}


   Skills:
 * Level 1.2 Fighting
 + Level 2.1 Dodging
 + Level 0.8 Stealth
 + Level 3.5 Unarmed Combat
 + Level 2.9 Shapeshifting


You had 2 spell levels left.
You didn't know any spells.
Your spell library was empty.

Dungeon Overview and Level Annotations

Branches:
Dungeon (2/15)

Annotations:
D:2 Robin


Innate Abilities, Weirdness & Mutations

You are a hulking beast.
Your limbs bulge with bestial killing power. (Slay +1)
You have an increased reservoir of magic. (+10% MP)
You shall have no god before yourself.
Your divine heritage dramatically boosts your attributes as you level up.


Message History

You barely miss the goblin. The goblin hits you with a +0 dagger.
You barely miss the goblin. The goblin barely misses you.
You barely miss the goblin. You block the goblin's attack.
Robin throws the goblin at you! Robin hits you but does no damage.
You barely miss Robin. The goblin hits you with a +0 dagger.
Robin hits you but does no damage.
You closely miss Robin. The goblin hits you with a +0 dagger.
Robin hits you but does no damage.
You completely miss the goblin. The goblin barely misses you.
Robin hits you with a +0 dagger.
You closely miss Robin. The goblin hits you with a +0 dagger.
* * * LOW HITPOINT WARNING * * *
Robin barely misses you.
You barely miss Robin. The goblin barely misses you.
Robin hits you with a +0 dagger.
* * * LOW HITPOINT WARNING * * *
You hit Robin.
Robin is lightly wounded.
The hobgoblin no longer looks unusually strong.
The goblin misses you.
You barely miss Robin.
Robin is lightly wounded.
The goblin no longer looks unusually strong.
Robin roars a battlecry!
The goblins go into a battle-frenzy!
You hit Robin.
Robin is heavily wounded.
You block the goblin's attack. Robin closely misses you.
You completely miss Robin.
Robin is heavily wounded.
You block the goblin's attack. Robin hits you with a +0 dagger.
* * * LOW HITPOINT WARNING * * *
You closely miss Robin.
Robin is heavily wounded.
The goblin hits you with a +0 dagger.
* * * LOW HITPOINT WARNING * * *
Robin hits you with a +0 dagger.
You die...
Robin lets out a smug laugh.

#..## #..# #######
#..###########......
#.........[....#####
#.############## #.#
#.# #.########.


#.ghgggg... ##########. You could see Robin, 2 hobgoblins and 2 goblins.

Vanquished Creatures
  Jessica (D:2)
  An adder (D:2)
  3 endoplasms
  3 goblins
  A hobgoblin (D:1)
  A quokka (D:1)
  3 ball pythons (D:1)
  A bat (D:1)
  A frilled lizard (D:1)
  4 kobolds
  A rat (D:2)
20 creatures vanquished.

Notes
Turn   | Place    | Note
-------+----------+-------------------------------------------
     0 | D:1      | Kuronicle the Demigod Shapeshifter began the quest for the
                  | Orb.
     0 | D:1      | Reached XP level 1. HP: 15/15 MP: 3/3
   262 | D:1      | Reached skill level 3 in Unarmed Combat
   440 | D:1      | Reached XP level 2. HP: 15/22 MP: 4/4
  1334 | D:2      | Noticed Jessica
  1343 | D:2      | Killed Jessica
  1344 | D:2      | Reached skill level 1 in Fighting
  1344 | D:2      | Reached XP level 3. HP: 28/28 MP: 5/5
  1559 | D:2      | Noticed Robin
  1577 | D:2      | Slain by Robin

Illustrated notes

Levels and vault maps discovered:
D:1:      roderic_crop_circles_arrival_small, layout_loops_corners
D:2:      layout_loops_ring, uniq_crazy_yiuf_cottage, uniq_jessica, uniq_robin

Skill      XL: |  1  2 |
---------------+-------+-----
Unarmed Combat | 3 |  3.5
Dodging        | 2 |  2.1
Fighting       | 1 |  1.2
Stealth        | |  0.8
Shapeshifting  | |  2.9

Action                     || total
---------------------------++-------
  Melee: Unarmed           ||    87
    Use: Scroll            ||     3
         Potion            ||     1
   Stab: Sleeping          ||     4
 Armour: Animal skin       ||    28
         Robe              ||    20
  Dodge: Dodged            ||    54
  Block: Other             ||     3
         Form:             ||     1
         Beast             ||     1

Table legend: (Time is in decaauts)
 A = Elapsed time spent in this place.
 B = Non-inter-level travel time spent in this place.
 C = Inter-level travel time spent in this place.
 D = Time resting spent in this place.
 E = Time spent auto-exploring this place.
 F = Levels seen in this place.
 G = Mean time per level.
                   A        B        C        D        E       F      G
               +--------+--------+--------+--------+--------+-----+--------+
         Total |   1571 |   1406 |    165 |     47 |   1129 |   2 |  785.5 |
       Dungeon |   1571 |   1406 |    165 |     47 |   1129 |   2 |  785.5 |
               +--------+--------+--------+--------+--------+-----+--------+

Top non-repeatable levels by time:
     D:1: 1058 daAuts
     D:2: 513 daAuts
